[Event "Chess sin Fronteras-IM 2025"]
[Site "San Jose"]
[Date "2025.02.14"]
[Round "1.2"]
[White "Deng, Henry"]
[Black "Paredes Lagos, Anthony Javier"]
[Result "1-0"]
[Annotator "RC"]
[ECO "C50"]
[WhiteElo "2321"]
[BlackElo "2338"]
[PlyCount "51"]
[EventDate "2025.02.13"]
[EventType "tourn"]
[EventCountry "USA"]
[SourceTitle "playchess.com"]
[Source "ChessBase"]
[SourceQuality "1"]
[TimeControl "5400+30"]

1. e4 e5 2. Nf3 Nc6 3. Bc4 Bc5 4. Nc3 Nf6 5. d3 h6 6. a3 a6 7. Be3 d6 8. O-O O-O 9. Bxc5 dxc5 10. Nd5 Bg4 11. Ne3 Bh5 12. h3 Bxf3 13. Qxf3 Nd4 14. Qd1 g6 15. g3 Nh5 16. Ng4 Qg5 17. h4 Qe7 18. c3 Nc6 19. Nxh6+ Kg7 20. Qxh5 gxh5 21. Nf5+ Kg6 22. Nxe7+ Nxe7 23. f4 Rad8 24. a4 exf4 25. Rxf4 Nc6 26. Rf5 1-0

[Event "Chess sin Fronteras-IM 2025"]
[Site "San Jose"]
[Date "2025.02.14"]
[Round "1.3"]
[White "Sivakumar, Shaaketh"]
[Black "Yan, Nathan"]
[Result "1-0"]
[Annotator "RC"]
[ECO "E05"]
[WhiteElo "2289"]
[BlackElo "2152"]
[PlyCount "111"]
[EventDate "2025.02.13"]
[EventType "tourn"]
[EventCountry "USA"]
[SourceTitle "playchess.com"]
[Source "ChessBase"]
[SourceQuality "1"]
[TimeControl "5400+30"]

1. c4 e6 2. g3 Nf6 3. Nf3 d5 4. Bg2 Be7 5. O-O O-O 6. d4 dxc4 7. Qa4 a6 8. Qxc4 b5 9. Qc2 Bb7 10. Bg5 Nbd7 11. Nc3 h6 12. Bxf6 Nxf6 13. Rfd1 b4 14. Na4 Be4 15. Qc1 Bd5 16. Ne5 Bxg2 17. Kxg2 Qd5+ 18. f3 Qb5 19. Qc2 Nd5 20. Rd3 Bd6 21. Nc4 f5 22. e3 Rad8 23. Re1 Nf6 24. b3 Qd5 25. Nd2 Qb7 26. Rc1 Qb5 27. Qc4 Kh8 28. Nc5 Bxc5 29. Qxb5 axb5 30. Rxc5 Ra8 31. Rc2 Rfd8 32. e4 Ra7 33. Kf1 fxe4 34. fxe4 Ng4 35. Ke2 Nf6 36. h3 Rda8 37. Ke3 Rxa2 38. Rxc7 Ra1 39. Rc6 Re8 40. g4 Rh1 41. Kf4 Nd7 42. Kg3 Rd1 43. Kf2 Nf6 44. Ke2 Rh1 45. Re3 Rh2+ 46. Kd3 Nh7 47. d5 exd5 48. exd5 Rxe3+ 49. Kxe3 Rxh3+ 50. Kd4 Nf6 51. Rxf6 gxf6 52. d6 Rg3 53. d7 Rxg4+ 54. Ne4 Rg8 55. Nd6 Kh7 56. Ne8 1-0

[Event "Chess sin Fronteras-IM 2025"]
[Site "San Jose"]
[Date "2025.02.14"]
[Round "1.4"]
[White "Sivakumar, Shaashwath"]
[Black "Perdomo, Leandro"]
[Result "0-1"]
[Annotator "RC"]
[ECO "C54"]
[WhiteElo "2273"]
[BlackElo "2364"]
[PlyCount "78"]
[EventDate "2025.02.13"]
[EventType "tourn"]
[EventCountry "USA"]
[SourceTitle "playchess.com"]
[Source "ChessBase"]
[SourceQuality "1"]
[TimeControl "5400+30"]

1. e4 e5 2. Nf3 Nc6 3. Bc4 Nf6 4. d3 Bc5 5. O-O d6 6. c3 a5 7. Re1 Ba7 8. Nbd2 O-O 9. Nf1 Be6 10. Bb5 Ne7 11. Ng3 c6 12. Ba4 Ng6 13. d4 exd4 14. Nxd4 d5 15. exd5 Bxd5 16. Ngf5 Re8 17. Be3 Qc7 18. g3 Qd7 19. Bc2 Re5 20. Bg5 Bxd4 21. Qxd4 Rxf5 22. f4 h6 23. Bxf5 Qxf5 24. Bxf6 Qc2 25. Qf2 Qxf2+ 26. Kxf2 gxf6 27. b3 b5 28. Ke3 a4 29. Kd4 axb3 30. axb3 Rxa1 31. Rxa1 Bxb3 32. Kc5 Bd5 33. Kd6 Kg7 34. Re1 f5 35. Re8 h5 36. h4 Nf8 37. Rc8 Nh7 38. Ke5 Nf6 39. Kxf5 Be6+ 0-1

[Event "Chess sin Fronteras-IM 2025"]
[Site "San Jose"]
[Date "2025.02.14"]
[Round "1.5"]
[White "Liu, Patrick"]
[Black "Jimenez Garcia, Emmanuel"]
[Result "0-1"]
[Annotator "RC"]
[ECO "C41"]
[WhiteElo "2159"]
[BlackElo "2364"]
[PlyCount "170"]
[EventDate "2025.02.13"]
[EventType "tourn"]
[EventCountry "USA"]
[SourceTitle "playchess.com"]
[Source "ChessBase"]
[SourceQuality "1"]
[TimeControl "5400+30"]

1. e4 d6 2. d4 Nf6 3. Nc3 e5 4. Nf3 Nbd7 5. Bc4 Be7 6. O-O O-O 7. a4 a6 8. h3 b6 9. Re1 Bb7 10. b3 c6 11. Bb2 Qc7 12. Bd3 Rfe8 13. Ne2 Bf8 14. Ng3 g6 15. Qd2 Bg7 16. c4 Rad8 17. Rac1 exd4 18. Nxd4 Ne5 19. Bb1 c5 20. Nc2 Nc6 21. Rcd1 Na5 22. Qd3 Nc6 23. Bc3 h5 24. Nf1 Ne5 25. Bxe5 dxe5 26. Qe2 Nxe4 27. Rxd8 Rxd8 28. Nce3 Nc3 29. Qc2 e4 30. Ng3 Bd4 31. Ne2 Bxe3 32. fxe3 Nxe2+ 33. Qxe2 Qd6 34. Qf2 Qd2 35. Qg3 Qd6 36. Qh4 Re8 37. Rf1 Qe5 38. Qf2 Re7 39. Qd2 Kg7 40. Qd8 Qc7 41. Qd2 a5 42. Kh1 Re6 43. Qf2 Bc6 44. Bc2 Qe7 45. Qd2 Qd6 46. Qc3+ Qe5 47. Qd2 Rd6 48. Qe2 Rf6 49. Rxf6 Qxf6 50. Qd2 Kf8 51. Kg1 Ke7 52. Qd1 Qc3 53. Qe2 h4 54. Qf2 Qa1+ 55. Kh2 Qe5+ 56. Kg1 g5 57. Qe2 Bd7 58. Qh5 Qg3 59. Qe2 Bxh3 60. Bxe4 Be6 61. Bd5 h3 62. Bb7 g4 63. Qd2 Qe5 64. gxh3 Qg3+ 65. Kh1 Qxh3+ 66. Kg1 Qg3+ 67. Bg2 Qe5 68. Qd3 Bf5 69. Qd2 g3 70. Bf1 Be4 71. Qe1 f5 72. Bh3 Qd6 73. Bg2 Bc2 74. Qc3 Qd1+ 75. Bf1 Kf7 76. Qe5 Be4 77. Qc7+ Ke6 78. Qxb6+ Qd6 79. Qxa5 f4 80. Bh3+ Bf5 81. Bxf5+ Kxf5 82. exf4 Qd1+ 83. Kg2 Kg4 84. Qxc5 Qe2+ 85. Kg1 Qh2+ 0-1

[Event "Chess sin Fronteras-IM 2025"]
[Site "San Jose"]
[Date "2025.02.14"]
[Round "2.1"]
[White "Martinez Romero, Martin"]
[Black "Jimenez Garcia, Emmanuel"]
[Result "1/2-1/2"]
[Annotator "RC"]
[ECO "B22"]
[WhiteElo "2393"]
[BlackElo "2364"]
[PlyCount "40"]
[EventDate "2025.02.13"]
[EventType "tourn"]
[EventCountry "USA"]
[SourceTitle "playchess.com"]
[Source "ChessBase"]
[SourceQuality "1"]
[TimeControl "5400+30"]

1. e4 c5 2. c3 Nf6 3. e5 Nd5 4. d4 cxd4 5. Nf3 Nc6 6. Bc4 Nb6 7. Bb3 d5 8. exd6 Bf5 9. Nxd4 Nxd4 10. Qxd4 Qxd6 11. Qxd6 exd6 12. O-O Be6 13. Na3 Kd7 14. Rd1 Be7 15. Be3 Rhc8 16. Rd4 d5 17. Nc2 Nc4 18. Bc1 Ke8 19. Ne3 Rd8 20. Nxc4 dxc4 1/2-1/2

[Event "Chess sin Fronteras-IM 2025"]
[Site "San Jose"]
[Date "2025.02.14"]
[Round "2.2"]
[White "Perdomo, Leandro"]
[Black "Liu, Patrick"]
[Result "1/2-1/2"]
[Annotator "RC"]
[ECO "E59"]
[WhiteElo "2364"]
[BlackElo "2159"]
[PlyCount "54"]
[EventDate "2025.02.13"]
[EventType "tourn"]
[EventCountry "USA"]
[SourceTitle "playchess.com"]
[Source "ChessBase"]
[SourceQuality "1"]
[TimeControl "5400+30"]

1. d4 Nf6 2. c4 e6 3. Nc3 Bb4 4. e3 O-O 5. Bd3 d5 6. a3 Bxc3+ 7. bxc3 dxc4 8. Bxc4 c5 9. Nf3 Qc7 10. Be2 Nc6 11. O-O Rd8 12. c4 b6 13. Bb2 Na5 14. Qc2 cxd4 15. Bxd4 Ba6 16. Rac1 Nd7 17. Qb2 f6 18. c5 Bxe2 19. cxb6 Qd6 20. Qxe2 axb6 21. Qa2 Nc5 22. Nd2 Qd5 23. Rc2 e5 24. Bc3 Qxa2 25. Rxa2 Rd3 26. Bb4 Rad8 27. Rc2 Nc6 1/2-1/2

[Event "Chess sin Fronteras-IM 2025"]
[Site "San Jose"]
[Date "2025.02.14"]
[Round "2.3"]
[White "Yan, Nathan"]
[Black "Sivakumar, Shaashwath"]
[Result "1-0"]
[Annotator "RC"]
[ECO "B80"]
[WhiteElo "2152"]
[BlackElo "2273"]
[PlyCount "143"]
[EventDate "2025.02.13"]
[EventType "tourn"]
[EventCountry "USA"]
[SourceTitle "playchess.com"]
[Source "ChessBase"]
[SourceQuality "1"]
[TimeControl "5400+30"]

1. e4 c5 2. Nf3 d6 3. d4 cxd4 4. Nxd4 Nf6 5. Nc3 a6 6. Be3 e6 7. f3 h5 8. Qd2 b5 9. a3 Be7 10. Be2 Bb7 11. O-O-O Nbd7 12. h3 h4 13. Kb1 Rc8 14. Rhe1 Nh5 15. f4 Ng3 16. Bd3 Nc5 17. Bf2 Qb6 18. Nde2 Nxe2 19. Bxe2 Qc7 20. Bf3 Nd7 21. Bd4 O-O 22. e5 dxe5 23. fxe5 Rfd8 24. Qf2 Rb8 25. Bxb7 Rxb7 26. Rf1 Rf8 27. Qf4 b4 28. axb4 Rxb4 29. Ne4 Nb6 30. Nf6+ Bxf6 31. exf6 Qxf4 32. Rxf4 Nd5 33. fxg7 Rd8 34. Rff1 Rc8 35. Rf3 Rcc4 36. c3 Rb5 37. Rdf1 Rb7 38. g3 a5 39. gxh4 a4 40. h5 a3 41. R1f2 e5 42. Bxe5 Re4 43. Bd4 f6 44. h6 Rb8 45. Rg3 Nf4 46. h7+ Kxh7 47. g8=Q+ Rxg8 48. Rxg8 Kxg8 49. bxa3 Kf7 50. a4 Nd5 51. Kc2 Re6 52. Kb3 Kg6 53. Kc4 Nc7 54. a5 f5 55. Bb6 Rc6+ 56. Kb3 Nd5 57. Bd4 Kg5 58. c4 Nc7 59. Be3+ Kf6 60. h4 Ne6 61. Kb4 Ke5 62. Kb5 Rc8 63. Bb6 f4 64. a6 Nf8 65. a7 Nd7 66. c5 Ke4 67. Ka6 Ke3 68. Rb2 f3 69. c6+ Nxb6 70. Kxb6 f2 71. Rxf2 Kxf2 72. Kb7 1-0

[Event "Chess sin Fronteras-IM 2025"]
[Site "San Jose"]
[Date "2025.02.14"]
[Round "2.4"]
[White "Paredes Lagos, Anthony Javier"]
[Black "Sivakumar, Shaaketh"]
[Result "1-0"]
[Annotator "RC"]
[ECO "A80"]
[WhiteElo "2338"]
[BlackElo "2289"]
[PlyCount "61"]
[EventDate "2025.02.13"]
[EventType "tourn"]
[EventCountry "USA"]
[SourceTitle "playchess.com"]
[Source "ChessBase"]
[SourceQuality "1"]
[TimeControl "5400+30"]

1. d4 e6 2. Nf3 f5 3. Bf4 Nf6 4. e3 Bd6 5. Nc3 O-O 6. Bg5 Be7 7. Bxf6 Bxf6 8. e4 d5 9. exd5 exd5 10. Qd2 c6 11. O-O-O b5 12. Bd3 Na6 13. Kb1 Nb4 14. Bf1 a5 15. Ne2 Be6 16. h4 Qd6 17. Nf4 Rfd8 18. c3 Na6 19. Nxe6 Qxe6 20. Re1 Qd7 21. Bd3 b4 22. Ne5 Qc8 23. Qc2 g6 24. h5 Bxe5 25. Rxe5 Re8 26. hxg6 hxg6 27. Qe2 Nc7 28. Re7 Qd8 29. Rh8+ Kxh8 30. Qe5+ Kg8 31. Qg7# 1-0

[Event "Chess sin Fronteras-IM 2025"]
[Site "San Jose"]
[Date "2025.02.15"]
[Round "3.1"]
[White "Deng, Henry"]
[Black "Martinez Romero, Martin"]
[Result "0-1"]
[Annotator "RC"]
[ECO "B23"]
[WhiteElo "2321"]
[BlackElo "2393"]
[PlyCount "106"]
[EventDate "2025.02.13"]
[EventType "tourn"]
[EventCountry "USA"]
[SourceTitle "playchess.com"]
[Source "ChessBase"]
[SourceQuality "1"]
[TimeControl "5400+30"]

1. e4 c5 2. Nc3 d6 3. f4 g6 4. Nf3 Bg7 5. Bb5+ Bd7 6. Bc4 e6 7. d4 cxd4 8. Nxd4 Nf6 9. Ndb5 Bxb5 10. Bxb5+ Nc6 11. Be3 O-O 12. Qf3 Rc8 13. O-O a6 14. Bd3 Nb4 15. Rad1 Qc7 16. a3 Nxd3 17. Rxd3 Nd7 18. Rfd1 Nb6 19. Rxd6 Nc4 20. Rd7 Qc6 21. Ne2 Nxb2 22. R1d2 Nc4 23. R2d3 Nxe3 24. Qxe3 Qxc2 25. Rxb7 Rfd8 26. Rbd7 Rxd7 27. Rxd7 Bf8 28. Qd3 Qb2 29. Kf2 Qxa3 30. Qxa3 Bxa3 31. Kf3 Ra8 32. e5 a5 33. Nc3 Bb4 34. Na4 Rc8 35. Ra7 Kg7 36. Rb7 Rc1 37. Nb6 Rf1+ 38. Ke4 Bd2 39. Nd7 Rxf4+ 40. Kd3 Bb4 41. Ke3 Rf1 42. Ke2 Re1+ 43. Kf2 Rd1 44. Nf6 Rd8 45. Ne4 h6 46. Nf6 Ra8 47. Ke3 Bc3 48. Nd7 a4 49. Nb6 Ra6 50. Nc4 a3 51. Nd6 a2 52. Nxf7 Bd4+ 53. Ke4 Ra7 0-1

[Event "Chess sin Fronteras-IM 2025"]
[Site "San Jose"]
[Date "2025.02.15"]
[Round "3.3"]
[White "Sivakumar, Shaashwath"]
[Black "Paredes Lagos, Anthony Javier"]
[Result "1-0"]
[Annotator "RC"]
[ECO "A09"]
[WhiteElo "2273"]
[BlackElo "2338"]
[PlyCount "191"]
[EventDate "2025.02.13"]
[EventType "tourn"]
[EventCountry "USA"]
[SourceTitle "playchess.com"]
[Source "ChessBase"]
[SourceQuality "1"]
[TimeControl "5400+30"]

1. d4 d5 2. c4 dxc4 3. Nf3 Nf6 4. e3 c5 5. Bxc4 cxd4 6. exd4 g6 7. Ne5 e6 8. O-O Bg7 9. Be3 O-O 10. Nc3 Nc6 11. Rc1 Ne7 12. Qf3 Nf5 13. Rfd1 Nxe3 14. fxe3 Qe7 15. Bb3 Rb8 16. Na4 Nd7 17. Ng4 h5 18. Nf2 Nf6 19. Qg3 Bd7 20. Rc7 Qd8 21. Nc5 h4 22. Qf4 Nh5 23. Qd6 Bc6 24. Nfe4 Rc8 25. Nxe6 Qxd6 26. Nxd6 Rxc7 27. Nxc7 Bh6 28. Kf2 Nf6 29. h3 Ne4+ 30. Nxe4 Bxe4 31. Bd5 Rc8 32. Bxe4 Rxc7 33. Kf3 Kf8 34. Rd3 f5 35. Bd5 Rd7 36. Be6 Rd6 37. d5 Bg7 38. b3 Ke7 39. Rd2 Rd8 40. Rc2 Kd6 41. Rc4 Bf6 42. Rb4 Rb8 43. a4 a6 44. Rc4 Bd8 45. e4 fxe4+ 46. Kxe4 a5 47. Rc3 Be7 48. Bc8 Bf6 49. Rc2 Bg5 50. Rc4 Bf6 51. Be6 Be7 52. Bf7 g5 53. Kf5 Rf8 54. Kg6 Rb8 55. Re4 Bd8 56. Kf5 Bc7 57. Kxg5 Rf8 58. Kf6 Rb8 59. Kg6 Bd8 60. Kf5 Kd7 61. Rc4 Be7 62. Kg6 b5 63. Be6+ Kd6 64. Rc6+ Ke5 65. Ra6 bxa4 66. bxa4 Bb4 67. Ra7 Be1 68. Kf7 Bb4 69. Kg6 Be1 70. Bf7 Bb4 71. Kg5 Rh8 72. Ra6 Bd2+ 73. Kg4 Rf8 74. Re6+ Kd4 75. Re7 Bb4 76. Ra7 Rh8 77. Kf5 Rh6 78. Rd7 Rb6 79. Rc7 Ba3 80. Rc6 Rb2 81. d6 Rf2+ 82. Ke6 Re2+ 83. Kf6 Rf2+ 84. Ke6 Re2+ 85. Kd7 Rxg2 86. Be6 Ke5 87. Kc7 Bxd6+ 88. Rxd6 Rg6 89. Rd5+ Kxe6 90. Rd6+ Kf5 91. Rxg6 Kxg6 92. Kb6 Kf5 93. Kxa5 Kf4 94. Kb4 Kg3 95. a5 Kxh3 96. a6 1-0

[Event "Chess sin Fronteras-IM 2025"]
[Site "San Jose"]
[Date "2025.02.15"]
[Round "3.4"]
[White "Liu, Patrick"]
[Black "Yan, Nathan"]
[Result "*"]
[Annotator "RC"]
[ECO "C54"]
[WhiteElo "2159"]
[BlackElo "2152"]
[PlyCount "85"]
[EventDate "2025.02.13"]
[EventType "tourn"]
[EventCountry "USA"]
[SourceTitle "playchess.com"]
[Source "ChessBase"]
[SourceQuality "1"]
[TimeControl "5400+30"]

1. e4 e5 2. Nf3 Nc6 3. Bc4 Bc5 4. O-O Nf6 5. d3 O-O 6. h3 h6 7. c3 d6 8. Re1 a5 9. Nbd2 Be6 10. Bb5 Nd7 11. Nf1 f5 12. exf5 Bxf5 13. Ng3 Bh7 14. d4 exd4 15. cxd4 Bb6 16. a3 Nf6 17. Be3 Ne7 18. Bc4+ Kh8 19. Qd2 d5 20. Bd3 Ne4 21. Qc2 Nxg3 22. fxg3 Nf5 23. Bf2 Qf6 24. Kh1 h5 25. Re5 Rae8 26. Rxd5 c6 27. Rd7 Ba7 28. Rxb7 Bb8 29. Kg1 Bxg3 30. Bxg3 Nxd4 31. Nxd4 Qxd4+ 32. Bf2 Qxd3 33. Qxd3 Bxd3 34. Bd4 Rg8 35. Rd1 Be4 36. Ra7 Bd5 37. Rd2 Ra8 38. Bxg7+ Kh7 39. Rxa8 Rxa8 40. Bc3 a4 41. Kh2 Re8 42. Rf2 Re3 43. Bd2 *

[Event "Chess sin Fronteras-IM 2025"]
[Site "San Jose"]
[Date "2025.02.15"]
[Round "3.6"]
[White "Jimenez Garcia, Emmanuel"]
[Black "Perdomo, Leandro"]
[Result "1/2-1/2"]
[Annotator "RC"]
[ECO "E90"]
[WhiteElo "2364"]
[BlackElo "2364"]
[PlyCount "43"]
[EventDate "2025.02.13"]
[EventType "tourn"]
[EventCountry "USA"]
[SourceTitle "playchess.com"]
[Source "ChessBase"]
[SourceQuality "1"]
[TimeControl "5400+30"]

1. Nf3 Nf6 2. c4 g6 3. Nc3 Bg7 4. e4 d6 5. d4 O-O 6. h3 Nc6 7. d5 Nb4 8. a3 Na6 9. Be3 e6 10. b4 Nxd5 11. Nxd5 exd5 12. cxd5 Bc3+ 13. Bd2 Bxa1 14. Qxa1 f6 15. Bd3 c5 16. dxc6 bxc6 17. O-O Nc7 18. Rc1 Bb7 19. Nd4 Qd7 20. Qc3 Nb5 21. Qb3+ Kh8 22. Nf3 1/2-1/2

[Event "Chess sin Fronteras-IM 2025"]
[Site "San Jose"]
[Date "2025.02.15"]
[Round "4.1"]
[White "Martinez Romero, Martin"]
[Black "Perdomo, Leandro"]
[Result "1/2-1/2"]
[Annotator "ChessBase"]
[ECO "E92"]
[WhiteElo "2393"]
[BlackElo "2364"]
[PlyCount "41"]
[EventDate "2025.02.13"]
[EventType "tourn"]
[EventCountry "USA"]
[SourceTitle "playchess.com"]
[Source "ChessBase"]
[SourceQuality "1"]
[TimeControl "5400+30"]

1. d4 Nf6 2. c4 g6 3. Nc3 Bg7 4. e4 d6 5. Nf3 O-O 6. Be2 e5 7. Be3 exd4 8. Nxd4 Re8 9. f3 c6 10. Bf2 d5 11. exd5 cxd5 12. O-O Nc6 13. c5 Nh5 14. Qd2 Be5 15. g3 Ng7 16. Rfe1 Nf5 17. Nc2 d4 18. Ne4 Be6 19. Bd3 Bg7 20. Bb5 Ne5 21. Kg2 1/2-1/2

[Event "Chess sin Fronteras-IM 2025"]
[Site "San Jose"]
[Date "2025.02.15"]
[Round "4.2"]
[White "Yan, Nathan"]
[Black "Jimenez Garcia, Emmanuel"]
[Result "0-1"]
[Annotator "RC"]
[ECO "B12"]
[WhiteElo "2152"]
[BlackElo "2364"]
[PlyCount "60"]
[EventDate "2025.02.13"]
[EventType "tourn"]
[EventCountry "USA"]
[SourceTitle "playchess.com"]
[Source "ChessBase"]
[SourceQuality "1"]
[TimeControl "5400+30"]

1. e4 c6 2. d4 d5 3. e5 Bf5 4. Nf3 e6 5. Be2 Ne7 6. Nbd2 Nd7 7. c4 dxc4 8. Nxc4 Nd5 9. O-O N7b6 10. a4 Nxc4 11. Bxc4 Be7 12. Qe2 O-O 13. Rd1 a5 14. Bd2 Qb6 15. Bd3 Bg6 16. Bxg6 fxg6 17. Be3 Qa6 18. Qxa6 Rxa6 19. Nd2 Rfa8 20. Ne4 Rb6 21. Rd2 Rb3 22. Bg5 Bf8 23. Nd6 h6 24. Bh4 Rb4 25. h3 g5 26. Bg3 Rd8 27. Rc1 Bxd6 28. exd6 Nf4 29. b3 Rxd6 30. Rc5 b6 0-1

[Event "Chess sin Fronteras-IM 2025"]
[Site "San Jose"]
[Date "2025.02.15"]
[Round "4.3"]
[White "Paredes Lagos, Anthony Javier"]
[Black "Liu, Patrick"]
[Result "1/2-1/2"]
[Annotator "ChessBase"]
[ECO "B12"]
[WhiteElo "2338"]
[BlackElo "2159"]
[PlyCount "41"]
[EventDate "2025.02.13"]
[EventType "tourn"]
[EventCountry "USA"]
[SourceTitle "playchess.com"]
[Source "ChessBase"]
[SourceQuality "1"]
[TimeControl "5400+30"]

1. e4 c6 2. d4 d5 3. e5 c5 4. dxc5 e6 5. b4 a5 6. c3 axb4 7. cxb4 b6 8. Be3 bxc5 9. bxc5 Nd7 10. Nf3 Bxc5 11. Bxc5 Nxc5 12. Qc2 Qa5+ 13. Nbd2 Bd7 14. Rc1 Rc8 15. Qb1 Ne7 16. Be2 O-O 17. O-O Rb8 18. Qa1 Rfc8 19. Rc3 Na4 20. Rxc8+ Rxc8 21. Nb3 1/2-1/2

[Event "Chess sin Fronteras-IM 2025"]
[Site "San Jose"]
[Date "2025.02.15"]
[Round "4.4"]
[White "Guo, Andrew"]
[Black "Sivakumar, Shaashwath"]
[Result "1/2-1/2"]
[Annotator "RC"]
[ECO "D11"]
[WhiteElo "2226"]
[BlackElo "2273"]
[PlyCount "101"]
[EventDate "2025.02.13"]
[EventType "tourn"]
[EventCountry "USA"]
[SourceTitle "playchess.com"]
[Source "ChessBase"]
[SourceQuality "1"]
[TimeControl "5400+30"]

1. d4 d5 2. c4 c6 3. Nf3 Nf6 4. Nbd2 Bf5 5. Nh4 Be6 6. e3 g6 7. Nhf3 Bg7 8. Be2 O-O 9. O-O Bg4 10. b3 c5 11. Bb2 cxd4 12. Nxd4 Bxe2 13. Qxe2 e5 14. N4f3 e4 15. Nd4 Qe7 16. Nb5 Nc6 17. Rad1 Rfd8 18. Ba3 Qe5 19. cxd5 Nxd5 20. Nc4 Qe6 21. Bb2 Bxb2 22. Qxb2 Ncb4 23. Nd4 Qe8 24. a4 b6 25. Qd2 Rac8 26. f3 exf3 27. Rxf3 Qe7 28. Qb2 f6 29. Nb5 a6 30. Nbd6 Rxd6 31. Nxd6 Qxd6 32. e4 Qc5+ 33. Kh1 Nc3 34. Rc1 Nba2 35. Rcf1 Rc6 36. Rd3 Rd6 37. Rxd6 Qxd6 38. h3 Qd3 39. Ra1 Nb4 40. Qf2 Qd6 41. Qe3 Qe5 42. Qxb6 Nxe4 43. Rd1 Qf4 44. Kg1 Nc2 45. Rf1 Qe5 46. Qxa6 Qd4+ 47. Kh2 Qe5+ 48. Kg1 Qd4+ 49. Kh2 Ne3 50. Qe6+ Kg7 51. Rf4 1/2-1/2

[Event "Chess sin Fronteras-IM 2025"]
[Site "San Jose"]
[Date "2025.02.15"]
[Round "4.5"]
[White "Deng, Henry"]
[Black "Sivakumar, Shaaketh"]
[Result "1-0"]
[Annotator "RC"]
[ECO "B23"]
[WhiteElo "2321"]
[BlackElo "2289"]
[PlyCount "87"]
[EventDate "2025.02.13"]
[EventType "tourn"]
[EventCountry "USA"]
[SourceTitle "playchess.com"]
[Source "ChessBase"]
[SourceQuality "1"]
[TimeControl "5400+30"]

1. e4 c5 2. Nc3 d6 3. Bb5+ Bd7 4. Bxd7+ Qxd7 5. d4 cxd4 6. Qxd4 Nc6 7. Qd3 Nf6 8. Bg5 e6 9. Bxf6 gxf6 10. Nge2 Be7 11. f4 O-O-O 12. O-O-O Kb8 13. Qh3 h5 14. Rhf1 Bf8 15. Kb1 Qe7 16. f5 Bh6 17. Nb5 Bg5 18. Ned4 Nxd4 19. Nxd4 d5 20. fxe6 dxe4 21. Qg3+ Ka8 22. h4 Bh6 23. exf7 e3 24. Qf3 Qe5 25. c3 a6 26. Qxf6 Qe4+ 27. Ka1 Rdf8 28. Qf3 Qxh4 29. Ne6 Rxf7 30. Qxf7 e2 31. Nc5 Rb8 32. Qd5 Bg5 33. Rde1 exf1=Q 34. Rxf1 Be7 35. Ne6 Qg3 36. a4 Qd6 37. Qc4 Rh8 38. Rf7 Kb8 39. Qe4 Rc8 40. Nf4 Qd1+ 41. Ka2 Rc7 42. Nd5 Bb4 43. Qe8+ Rc8 44. Qd7 1-0

[Event "Chess sin Fronteras-IM 2025"]
[Site "San Jose"]
[Date "2025.02.16"]
[Round "5.1"]
[White "Sivakumar, Shaaketh"]
[Black "Martinez Romero, Martin"]
[Result "1/2-1/2"]
[Annotator "RC"]
[ECO "E60"]
[WhiteElo "2289"]
[BlackElo "2393"]
[PlyCount "66"]
[EventDate "2025.02.13"]
[EventType "tourn"]
[EventCountry "USA"]
[SourceTitle "playchess.com"]
[Source "ChessBase"]
[SourceQuality "1"]
[TimeControl "5400+30"]

1. d4 Nf6 2. Nf3 g6 3. g3 Bg7 4. Bg2 O-O 5. O-O d6 6. b3 Nc6 7. Bb2 a6 8. c4 Rb8 9. d5 Na5 10. Nd4 Bd7 11. Qd2 c5 12. dxc6 Nxc6 13. Nc3 Qb6 14. e3 Rfc8 15. Rfd1 Qd8 16. Rac1 Bg4 17. Nxc6 bxc6 18. Ne2 a5 19. h3 Bxe2 20. Qxe2 a4 21. c5 axb3 22. cxd6 bxa2 23. Bxf6 Bxf6 24. Qxa2 exd6 25. Rxc6 Rxc6 26. Bxc6 Qc8 27. Qa7 Kg7 28. Bd5 Qf8 29. Rc1 Re8 30. Qb6 Rb8 31. Qa5 Rc8 32. Rc7 Rxc7 33. Qxc7 Qe7 1/2-1/2

[Event "Chess sin Fronteras-IM 2025"]
[Site "San Jose"]
[Date "2025.02.16"]
[Round "5.2"]
[White "Sivakumar, Shaashwath"]
[Black "Deng, Henry"]
[Result "1/2-1/2"]
[Annotator "RC"]
[ECO "D12"]
[WhiteElo "2273"]
[BlackElo "2321"]
[PlyCount "86"]
[EventDate "2025.02.13"]
[EventType "tourn"]
[EventCountry "USA"]
[SourceTitle "playchess.com"]
[Source "ChessBase"]
[SourceQuality "1"]
[TimeControl "5400+30"]

1. d4 d5 2. c4 c6 3. Nf3 Nf6 4. e3 Bf5 5. Nc3 e6 6. Nh4 Bg6 7. Be2 Nbd7 8. Bd2 Be7 9. Rc1 dxc4 10. Nxg6 hxg6 11. Bxc4 O-O 12. O-O c5 13. Be2 cxd4 14. exd4 Nb6 15. Bf4 Nfd5 16. Be5 Bg5 17. Nxd5 Nxd5 18. Rc4 Rc8 19. Rc5 Bf6 20. Rxc8 Qxc8 21. Qd2 Bxe5 22. dxe5 Qc7 23. Qd4 b6 24. Bf3 Rd8 25. Rd1 Rd7 26. Qa4 Rd8 27. Qd4 b5 28. g3 Rd7 29. Qe4 Nb6 30. Rxd7 Qxd7 31. Qc6 Qd4 32. Qe8+ Kh7 33. Qxf7 Qxe5 34. b3 Nd5 35. Qxa7 Nb4 36. Qe7 Nxa2 37. Bg4 Qe1+ 38. Kg2 Qe4+ 39. Kh3 Nc1 40. Bxe6 Nd3 41. f3 Nf4+ 42. gxf4 Qxf3+ 43. Kh4 Qxf4+ 1/2-1/2

[Event "Chess sin Fronteras-IM 2025"]
[Site "San Jose"]
[Date "2025.02.16"]
[Round "5.3"]
[White "Liu, Patrick"]
[Black "Guo, Andrew"]
[Result "1/2-1/2"]
[Annotator "ChessBase"]
[ECO "B31"]
[WhiteElo "2159"]
[BlackElo "2226"]
[PlyCount "60"]
[EventDate "2025.02.13"]
[EventType "tourn"]
[EventCountry "USA"]
[SourceTitle "playchess.com"]
[Source "ChessBase"]
[SourceQuality "1"]
[TimeControl "5400+30"]

1. e4 c5 2. Nf3 Nc6 3. Bb5 Nf6 4. Bxc6 dxc6 5. d3 Qc7 6. h3 g6 7. O-O Bg7 8. Nc3 O-O 9. Be3 b6 10. Qd2 Re8 11. Bh6 Bh8 12. Ng5 Ba6 13. Qe2 e5 14. b3 Rad8 15. Rae1 Nh5 16. Qe3 Bc8 17. Ne2 f6 18. Nf3 Ng7 19. Qc1 Ne6 20. Nh2 f5 21. exf5 gxf5 22. f4 exf4 23. Nxf4 Nd4 24. Bg5 Rxe1 25. Rxe1 Rf8 26. Re7 Qd6 27. Qe1 Rf7 28. Re8+ Rf8 29. Re7 Rf7 30. Re8+ Rf8 1/2-1/2

[Event "Chess sin Fronteras-IM 2025"]
[Site "San Jose"]
[Date "2025.02.16"]
[Round "5.4"]
[White "Jimenez Garcia, Emmanuel"]
[Black "Paredes Lagos, Anthony Javier"]
[Result "1-0"]
[Annotator "RC"]
[ECO "A06"]
[WhiteElo "2364"]
[BlackElo "2338"]
[PlyCount "119"]
[EventDate "2025.02.13"]
[EventType "tourn"]
[EventCountry "USA"]
[SourceTitle "playchess.com"]
[Source "ChessBase"]
[SourceQuality "1"]
[TimeControl "5400+30"]

1. Nf3 d5 2. b3 Bf5 3. Bb2 e6 4. g3 h6 5. Bg2 Nf6 6. d3 Be7 7. Nbd2 O-O 8. O-O Re8 9. Ne5 c6 10. e4 Bh7 11. Qe2 Nbd7 12. f4 a5 13. Nef3 dxe4 14. dxe4 Nc5 15. Ne5 Qb6 16. Kh1 Rad8 17. Bc3 Qc7 18. Nec4 b6 19. g4 Nfd7 20. a4 Nb7 21. Nf3 b5 22. Ncd2 Bf6 23. e5 Be7 24. Nd4 b4 25. Bb2 Nb8 26. f5 Bc5 27. fxe6 fxe6 28. Qc4 Bxd4 29. Bxd4 Qd7 30. Be3 Qc7 31. Rae1 Rc8 32. Nf3 Nd7 33. g5 h5 34. Bd4 Nd8 35. Nh4 g6 36. Nf3 c5 37. Bb2 Nf7 38. Nd2 Nb6 39. Qf4 Rf8 40. Ne4 Nd5 41. Qg3 c4 42. Nd6 c3 43. Bc1 Rcd8 44. Bxd5 exd5 45. Nb5 Qe7 46. Nd4 Rde8 47. Rf6 Nd8 48. Qf3 Qc5 49. Qd3 Rf7 50. Rxf7 Nxf7 51. Bf4 Nd6 52. Kg2 Ne4 53. Qb5 Rf8 54. Qxc5 Nxc5 55. e6 Ne4 56. Bc7 Ra8 57. h4 Kg7 58. Be5+ Kg8 59. Rf1 Re8 60. Rf7 1-0